 Dungeon Crawl Stone Soup version 0.27.0-1-g7a089689b8 (webtiles) character file.

Game seed: 14111194766293622757

3 SnakkuSnakku7 the Grave Robber (level 1, -1/10 HPs)
             Began as a Gargoyle Necromancer on Aug 5, 2021.
             Frozen to death by an endoplasm (4 damage)
             ... on level 1 of the Dungeon.
             The game lasted 00:00:25 (318 turns).

SnakkuSnakku7 the Grave Robber (GrNe)                Turns: 318, Time: 00:00:26

Health: -1/10      AC:  4    Str: 11    XL:     1   Next: 50%
Magic:  3/3        EV: 11    Int: 15    God:
Gold:   0          SH:  0    Dex: 10    Spells: 3/4 levels left

rFire    . . .     SeeInvis .   d - +0 dagger
rCold    . . .     Faith    .   (no shield)
rNeg     + . .     Spirit   .   a - +0 robe
rPois    ∞         Reflect  .   (no helmet)
rElec    +         Harm     .   (no cloak)
rCorr    .         Rampage  .   (no gloves)
Will     .....                  (no boots)
Stlth    ++........             (no amulet)
HPRegen  0.03/turn              (no ring)
MPRegen  0.08/turn              (no ring)

@: no status effects
A: sickness immunity, AC +2, negative energy resistance 1, electricity
resistance, torment resistance 1, petrification resistance
a: no special abilities


You were on level 1 of the Dungeon.
You visited 1 branch of the dungeon, and saw 1 of its levels.

Inventory:

Hand Weapons
 d - a +0 dagger (weapon)
Missiles
 e - 16 poisoned darts
Armour
 a - a +0 robe (worn)
 b - a +0 ring mail
Scrolls
 c - a scroll of teleportation {unknown}


   Skills:
 - Level 1.5 Dodging
 - Level 2.1 Stealth
 - Level 2.0 Spellcasting
 + Level 3.4 Necromancy


You had 3 spell levels left.
You knew the following spells:

 Your Spells              Type           Power      Damage    Failure   Level
a - Pain                  Necr           44%        1d6       5%          1

Your spell library contained the following spells:

 Spells                   Type           Power      Damage    Failure   Level
 Animate Skeleton         Necr           22%        N/A       5%          1
 Vampiric Draining        Necr           5%         2d6       16%         3
 Animate Dead             Necr           5%         N/A       47%         4
 Agony                    Necr           11%        N/A       83%         5


Dungeon Overview and Level Annotations

Branches:
Dungeon (1/15)

Altars:


Innate Abilities, Weirdness & Mutations

You are immune to sickness and miasma.
Your stone body is resilient. (AC +2)
You are immune to poison.
You resist negative energy. (rN+)
You are resistant to electric shocks. (rElec)
You are resistant to unholy torment.
You are immune to petrification.


Message History

Aim: a goblin, wielding a +0 dagger (chance to affect: 80%)
The goblin writhes in agony.
Casting: Pain (safe; 5% risk of failure)
Confirm with . or Enter, or press ? or * to list all spells.
Aiming: Pain (safe; 5% risk of failure)
Press: ? - help, Shift-Dir - straight line, f/p - goblin
Aim: a goblin, wielding a +0 dagger (moderately wounded, chance to affect: 80%)
The goblin writhes in agony.
You kill the goblin!
You see here a +0 dagger.
d - a +0 dagger
d - a +0 dagger (weapon)
Found 16 poisoned darts.
An endoplasm comes into view.
The endoplasm quivers.
You see here 16 poisoned darts.
e - 16 poisoned darts The endoplasm freezes you.
You are frozen.
Ouch! That really hurt!
You hit the endoplasm but do no damage.
The endoplasm hits you but does no damage.
You are too injured to fight recklessly!
You are too injured to fight recklessly!
You barely miss the endoplasm. The endoplasm freezes you.
You are frozen.
You are too injured to fight recklessly!
You hit the endoplasm.
The endoplasm is moderately wounded.
The endoplasm hits you.
* * * LOW HITPOINT WARNING * * *
You hit the endoplasm.
The endoplasm is heavily wounded.
The endoplasm closely misses you.
You hit the endoplasm but do no damage.
The endoplasm is heavily wounded.
The endoplasm freezes you.
You are frozen.
You die...

... ... #.# #.# #.# #.#
#.# ###########.#
######..........@#####
.................J......
........################
........# ........#
...(....# ........#
........# #########


You could see an endoplasm.

Vanquished Creatures
  A goblin (D:1)
  A kobold (D:1)
  A rat (D:1)
3 creatures vanquished.

Notes
Turn   | Place    | Note
-------+----------+-------------------------------------------
     0 | D:1      | SnakkuSnakku7 the Gargoyle Necromancer began the quest for
                  | the Orb.
     0 | D:1      | Reached XP level 1. HP: 10/10 MP: 3/3
   318 | D:1      | Frozen to death by an endoplasm

Illustrated notes

Levels and vault maps discovered:
D:1:      saegor_arrival_simple_c, layout_basic, ebering_ecumenical_altar_rust,
          minmay_large_rounded_square

Action                   || total
-------------------------++-------
Melee: Dagger            ||     5
 Cast: Pain              ||     7
Armor: Robe              ||     1
Dodge: Dodged            ||     2
